AoeStats
← Mr_Unorthodox_

Arena

508893069Analyzed
1v1 RM · 8d ago on Sep 24, 2026· 28m 48s· 2 players
Game mode
Random Map
Map size
Tiny (2 player)
Population
200
Speed
Normal
Resources
Standard
Victory
Conquest
Starting age
Dark Age
Ending age
Imperial Age
RankedLock teamsTeams togetherTeam positionsShared explorationLock speedFull tech treeHidden civsTurbo modeCheats
Victory
Defeat
🇨🇱 Bulgarians · Chile
1141
+14
🇺🇸 Italians · United States
1100
-14
Chispa'!
8:21 Loom
8:59 Loom
11:38 Feudal Age
16:25 Castle Age
14:34 Double-Bit Axe
16:15 Scale Mail Armor
16:24 Gold Mining
21:01 Gambesons
25:59 Scale Barding Armor
26:52 Fletching
Mr_Unorthodox_
10:00 Loom
11:52 Feudal Age
13:30 Double-Bit Axe
16:38 Castle Age
14:22 Horse Collar
18:32 Bow Saw
20:31 Fletching
25:55 Bodkin Arrow
26:28 Bloodlines
Connection lost

Rejoining the realm…

Still unreachable

The connection could not be restored.

Session expired

The server has moved on; the page needs a fresh start.